 Dungeon Crawl Stone Soup version 0.29.1-1-gd02db69 (webtiles) character file.

Game seed: 1952510815195808985

1584 Timinator the Insei (level 8, 0/99 HPs)
             Began as a Demigod Transmuter on Jan 10, 2023.
             Succumbed to an orc wizard's poison
             ... on level 6 of the Dungeon.
             The game lasted 00:20:39 (6443 turns).

Timinator the Insei (Demigod Transmuter)            Turns: 6443, Time: 00:20:40

Health: 0/99       AC:  7    Str: 15    XL:     8   Next: 34%
Magic:  14/14      EV: 12    Int: 15    God:
Gold:   310        SH:  0    Dex: 18    Spells: 4/11 levels left

rFire   + . .      SeeInvis .     - Unarmed
rCold   . . .      Faith    .   (no shield)
rNeg    . . .      Spirit   .   k - +1 ring mail {rF+}
rPois   .          Reflect  .   (helmet currently unavailable)
rElec   +          Harm     .   s - +0 cloak
rCorr   .          Rampage  .   (no gloves)
Will    .....                   (boots currently unavailable)
Stlth   ..........              (no amulet)
HPRegen 0.26/turn               (no ring)
MPRegen 0.14/turn               (no ring)

@: berserking, lethally poisoned (0 -> -4), appendages (expiring), wereblooded,
hasted, invisible, very quick
A: horns 2, talons 2, high MP 1, forlorn, divine attributes, electricity
resistance
a: End Transformation


You were on level 6 of the Dungeon.
You had temporarily grown beastly horns and talons.
You visited 1 branch of the dungeon, and saw 6 of its levels.
You also visited: Sewer.

You collected 310 gold pieces.

Inventory:

Missiles
 r - 13 poisoned darts (quivered)
Armour
 k - a +1 ring mail of fire resistance (worn)
 s - a +0 cloak (worn)
Scrolls
 a - 2 scrolls of fog {unknown}
 c - 2 scrolls of blinking {unknown}
 e - a scroll of fear {unknown}
 g - 2 scrolls of summoning {unknown}
 i - a scroll of enchant armour {unknown}
 l - a scroll of enchant weapon {unknown}
 o - 4 scrolls of teleportation
 p - a scroll of immolation {unknown}
 q - a scroll of vulnerability {unknown}
 t - 2 scrolls of poison {unknown}
Potions
 b - 3 potions of brilliance
 d - 3 potions of haste
 h - 2 potions of attraction
 j - 2 potions of might


   Skills:
 * Level 4.0 Fighting
 - Level 3.0 Armour
 * Level 3.9 Dodging
 + Level 6.4 Unarmed Combat
 - Level 2.0 Spellcasting
 + Level 4.7 Transmutations
 * Level 1.4 Ice Magic


You had 4 spell levels left.
You knew the following spells:

 Your Spells              Type           Power      Damage    Failure   Level
a - Beastly Appendage     Tmut           30%        N/A       6%          1
b - Wereblood             Tmut           15%        N/A       9%          2
c - Ice Form              Ice/Tmut       10%        N/A       75%         4

Your spell library contained the following spells:

 Spells                   Type           Power      Damage    Failure   Level
 Magic Dart               Conj           4%         1d3       38%         1
 Necrotise                Necr           4%         1d4       38%         1
 Spider Form              Tmut/Pois      8%         N/A       43%         3
 Call Imp                 Summ           1%         N/A       54%         2
 Mephitic Cloud           Conj/Pois/Air  1%         N/A       77%         3
 Vampiric Draining        Necr           1%         2d6       77%         3
 Agony                    Necr           1%         N/A       100%        5


Dungeon Overview and Level Annotations

Branches:
Dungeon (6/15)             Temple (0/1) D:4           Sewer (visited)

Shops:
D:6 *


Innate Abilities, Weirdness & Mutations

You have temporarily grown beastly horns and talons.
You have an increased reservoir of magic. (+10% MP)
You shall have no god before yourself.
Your divine heritage dramatically boosts your attributes as you level up.
You are resistant to electric shocks. (rElec)


Message History

You feel very sick.
A magic dart appears from out of thin air!
The magic dart hits you.
* * * LOW HITPOINT WARNING * * *
* * * LOW HITPOINT WARNING * * *
You feel very sick.
You hear some strange, mumbled words.
Something tries to affect you, but you resist.
* * * LOW HITPOINT WARNING * * *
You feel very sick.
* * * LOW HITPOINT WARNING * * *
You feel sick.
* * * LOW HITPOINT WARNING * * *
You feel very sick.
* * * LOW HITPOINT WARNING * * *
You feel sick.
Your transformation is almost over.
* * * LOW HITPOINT WARNING * * *
You feel sick.
* * * LOW HITPOINT WARNING * * *
You feel sick.
It was a potion of invisibility.
You fade into invisibility!
You howl as the wereblood boils in your veins!
* * * LOW HITPOINT WARNING * * *
You feel sick.
It was a potion of mutation.
You feel extremely strange.
You feel insulated.
* * * LOW HITPOINT WARNING * * *
You feel sick.
It was a potion of berserk rage.
A red film seems to cover your vision as you go berserk!
You feel yourself moving faster!
You feel mighty!
* * * LOW HITPOINT WARNING * * *
You feel sick.
You are too berserk!
Unknown command.
You are too berserk!
You feel a strong urge to attack something.
You die...

#.# #.# ..# #.#
..########### #.#
............. #.#
......##########.#######
..###............o...o.#
).# ############{#####)#
..### ##.# ... ....#
#.@# ....# #.#.# #.##
....# ..#.# #.# ..<.#
###.# #.# ..(.# #.# #.#
....# #.# #.# #.#
######.# #.# #......#
#.# #.######


You could see an orc priest (unable to see you).

Vanquished Creatures
  Edmund (D:6)
  2 water moccasins
  2 ogres (D:5)
  A black bear (D:4)
  A centaur (D:6)
  A phantom (D:5)
  2 scorpions
  5 jellies
  2 orc priests
  2 hounds
  Jessica (D:3)
  3 iguanas
  5 orc wizards
  4 gnolls (D:2)
  5 adders
  A shadow imp (D:6)
  A white imp (D:5)
  5 worms
  2 dart slugs
  17 orcs
  8 ball pythons
  8 bats
  16 endoplasms
  4 giant cockroaches
  14 goblins
  9 hobgoblins
  6 jackals
  6 kobolds
  2 quokkas
  5 frilled lizards
  6 rats
147 creatures vanquished.

Notes
Turn   | Place    | Note
-------+----------+-------------------------------------------
     0 | D:1      | Timinator the Demigod Transmuter began the quest for the
                  | Orb.
     0 | D:1      | Reached XP level 1. HP: 15/15 MP: 5/5
    94 | D:1      | Reached skill level 1 in Fighting
   119 | D:1      | Reached XP level 2. HP: 12/23 MP: 5/7
   597 | D:1      | Reached skill level 3 in Unarmed Combat
  1139 | D:2      | Reached XP level 3. HP: 26/28 MP: 8/8
  1334 | D:2      | Reached skill level 1 in Armour
  1524 | D:2      | Learned a level 2 spell: Wereblood
  1648 | D:2      | Reached XP level 4. HP: 34/35 MP: 4/9
  2614 | D:3      | Noticed Jessica
  2619 | D:3      | Killed Jessica
  2620 | D:3      | Reached XP level 5. HP: 41/41 MP: 8/10
  3288 | D:4      | Learned a level 4 spell: Ice Form
  3328 | D:4      | Reached skill level 4 in Unarmed Combat
  3365 | D:4      | Noticed a black bear
  3371 | D:4      | Noticed a water moccasin
  3395 | D:4      | Killed a black bear
  3396 | D:4      | Reached XP level 6. HP: 48/48 MP: 9/11
  3401 | D:4      | Killed a water moccasin
  3621 | D:4      | Found a staircase to the Ecumenical Temple.
  3972 | D:5      | Entered Level 5 of the Dungeon
  4127 | D:5      | Reached XP level 7. HP: 37/56 MP: 10/13
  4188 | D:5      | Found a glowing drain.
  4344 | D:5      | Reached skill level 5 in Unarmed Combat
  4392 | Sewer    | Entered a sewer
  5460 | D:6      | Noticed Edmund
  5469 | D:6      | Killed Edmund
  5470 | D:6      | Reached skill level 6 in Unarmed Combat
  5470 | D:6      | Reached XP level 8. HP: 22/66 MP: 14/14
  5952 | D:6      | Found Awimut's Mass Market.
  6020 | D:6      | Reached skill level 1 in Ice Magic
  6439 | D:6      | HP: 3/66 [poisoned by an orc wizard]
  6441 | D:6      | Gained mutation: You are resistant to electric shocks.
                  | (rElec) [potion of mutation]
  6441 | D:6      | HP: 1/66 [poisoned by an orc wizard]
  6443 | D:6      | Succumbed to an orc wizard's poison

Illustrated notes

Levels and vault maps discovered:
D:1:      eino_arrival_tree_alley, layout_rooms, minmay_misc_feat_columns
D:2:      layout_loops_cross
D:3:      layout_loops_cross, marbit_many_paths, minmay_fountain_box,
          guppyfry_early_lair_pool, uniq_jessica
D:4:      layout_cave_pools, mainiacjoe_overflow_brackets,
          minmay_temple_entry_arrows
D:5:      layout_basic, cheibrodos_sewer_entry_drain
D:6:      layout_loops_ring, nicolae_shop_fire_sale [nicolae_sub_dead_trees],
          minmay_shop_mass, amcnicky_mini_corridor_feature, uniq_edmund

Skill      XL: |  1  2  3  4  5  6  7  8 |
---------------+-------------------------+-----
Fighting       | 1 2 3 4 |  4.0
Transmutations | 2 3 4 |  4.7
Dodging        | 2 3 |  3.9
Unarmed Combat | 3 4 6 |  6.4
Spellcasting   | 2 |  2.0
Armour         | 1 2 3 |  3.0
Ice Magic      | 1 |  1.4

Action                   |  1- 3 |  4- 6 |  7- 9 || total
-------------------------+-------+-------+-------++-------
Melee: Unarmed           |   102 |   143 |   167 ||   412
       Kick              |    16 |    32 |    38 ||    86
       Headbutt          |     6 |    12 |    30 ||    48
       Punch             |     2 |     5 |     9 ||    16
Throw: Dart              |       |     5 |     1 ||     6
 Cast: Beastly Appendage |    16 |    23 |    23 ||    62
       Wereblood         |     1 |     6 |     5 ||    12
  Use: Scroll            |       |     4 |     3 ||     7
       Potion            |       |     2 |     6 ||     8
Armor: Robe              |    19 |     5 |       ||    24
       Leather armour    |       |    29 |       ||    29
       Skin              |       |    17 |       ||    17
       Ring mail         |       |       |    50 ||    50
Dodge: Dodged            |    57 |    73 |    86 ||   216
